 Dungeon Crawl Stone Soup version 0.28.0-45-g0d030f2227 (webtiles) character file.

Game seed: 8984551649793967590

122 MisterFreud the Cudgeller (level 4, -16/37 HPs)
             Began as a Palentonga Fighter on Mar 31, 2022.
             Demolished by an orc warrior
             ... wielding a +0 battleaxe
              (22 damage)
             ... on level 3 of the Dungeon.
             The game lasted 00:02:15 (1799 turns).

MisterFreud the Cudgeller (Palentonga Fighter)      Turns: 1799, Time: 00:02:16

Health: -16/37     AC:  7    Str: 22    XL:     4   Next: 78%
Magic:  4/4        EV:  7    Int:  8    God:
Gold:   25         SH:  4    Dex:  9    Spells: 3/3 levels left

rFire   . . .      SeeInvis +   a - +0 flail
rCold   . . .      Faith    .   c - +0 buckler
rNeg    . . .      Spirit   .   b - +0 scale mail
rPois   .          Reflect  .   k - +0 helmet
rElec   .          Harm     .   (no cloak)
rCorr   .          Rampage  .   (no gloves)
Will    .....                   (no barding)
Stlth   ..........              (no amulet)
HPRegen 0.12/turn               (no ring)
MPRegen 0.09/turn               (no ring)

@: no status effects
A: large, rugged brown scales 3, see invisible, deformed body, roll 1, armoured
tail
a: Rolling Charge


You were on level 3 of the Dungeon.
You visited 1 branch of the dungeon, and saw 3 of its levels.

You collected 25 gold pieces.

Inventory:

Hand Weapons
 a - a +0 flail (weapon)
Armour
 b - a +0 scale mail (worn)
 c - a +0 buckler (worn)
 k - a +0 helmet (worn)
Scrolls
 f - 5 scrolls of identify {unknown}
 h - a scroll of holy word {unknown}
Potions
 d - a potion of might
 e - a potion of ambrosia {unknown}
 g - a potion of heal wounds {unknown}
 i - a potion of curing {unknown}
 j - a potion of haste {unknown}


   Skills:
 - Level 3.0 Fighting
 + Level 5.1 Maces & Flails
 - Level 2.4 Armour
 - Level 2.4 Shields


You had 3 spell levels left.
You didn't know any spells.
Your spell library contained the following spells:

 Spells                   Type           Power      Damage    Failure   Level
 Ensorcelled Hibernation  Hex/Ice        0%         N/A       91%         2
 Passwall                 Tmut/Erth      0%         N/A       91%         2
 Swiftness                Air            0%         N/A       99%         3


Dungeon Overview and Level Annotations

Branches:
Dungeon (3/15)

Altars:

Annotations:
D:3 Ijyb


Innate Abilities, Weirdness & Mutations

You are completely covered in rugged brown scales. (AC +3, +7% HP)
You have supernaturally acute eyesight. (SInv)
Armour fits poorly on your strangely shaped body.
You can roll at nearby foes to attack.
You have a long armoured tail.


Message History

The frilled lizard hisses angrily.
Your tail-slap misses the frilled lizard.
The frilled lizard bites you but does no damage.
You sock the frilled lizard!
You kill the frilled lizard!
No target in view!
An orc warrior comes into view. It is wielding a +0 battleaxe.
An orc warrior is nearby!
An orc warrior is nearby!
The orc warrior shouts!
You hear a shout!
Things that are here:
a +0 dagger; a +0 robe
Items here: ) [ ÷÷÷.
Roll where?
Press: ? - help, Dir - move target, f - orc warrior
Aim: an orc warrior, wielding a +0 battleaxe and wearing a +0 chain mail You roll forward with a clatter of scales!
You closely miss the orc warrior. You block the orc warrior's attack.
Unknown command.
Okay, then.
You thump the orc warrior!
The orc warrior is moderately wounded.
An orc wizard comes into view. It is wielding a +0 dagger.
The orc warrior hits you but does no damage.
You hit the orc warrior.
Your tail-slap misses the orc warrior.
The orc warrior is heavily wounded.
The orc warrior barely misses you.
You hit the orc warrior but do no damage.
The orc warrior is heavily wounded.
The orc warrior hits you with a +0 battleaxe!
You hit the orc warrior but do no damage.
The orc warrior is heavily wounded.
The orc warrior hits you with a +0 battleaxe!!
Ouch! That really hurt!
* * * LOW HITPOINT WARNING * * *
You sock the orc warrior!
The orc warrior is almost dead.
The orc warrior hits you with a +0 battleaxe!!
Ouch! That really hurt!
You die...

####.# . .# #####
. #...# #.#.#
#.#.# ####)#<# .
#..).#####.# #.
#..........# ##..
#...@....... ....#
#...o.......
##....#...........
......#...o.....[.
#..>†...........
#.).##...........
.#.####)..........
..................
.................


You could see an orc warrior and an orc wizard.

Vanquished Creatures
  2 orc wizards (D:3)
  A gnoll (D:1)
  An adder (D:2)
  A worm (D:2)
  An orc (D:3)
  3 endoplasms
  3 giant cockroaches
  A goblin (D:1)
  5 hobgoblins
  8 jackals
  4 kobolds
  A quokka (D:1)
  4 ball pythons
  7 bats
  3 frilled lizards
  4 rats
49 creatures vanquished.

Vanquished Creatures (others)
  8 plants (D:1)
8 creatures vanquished.

Grand Total: 57 creatures vanquished

Notes
Turn   | Place    | Note
-------+----------+-------------------------------------------
     0 | D:1      | MisterFreud the Palentonga Fighter began the quest for the
                  | Orb.
     0 | D:1      | Reached XP level 1. HP: 19/19 MP: 1/1
   124 | D:1      | Reached skill level 3 in Maces & Flails
   124 | D:1      | Reached XP level 2. HP: 4/25 MP: 2/2
   511 | D:1      | Reached XP level 3. HP: 30/31 MP: 3/3
   621 | D:1      | Found Wucuon's General Store.
   880 | D:2      | Reached skill level 4 in Maces & Flails
  1202 | D:3      | Noticed an ogre
  1240 | D:3      | Noticed Ijyb
  1527 | D:3      | Reached XP level 4. HP: 35/37 MP: 4/4
  1599 | D:3      | Reached skill level 5 in Maces & Flails
  1787 | D:3      | Noticed an orc warrior
  1799 | D:3      | Demolished by an orc warrior

Illustrated notes

Levels and vault maps discovered:
D:1:      lightli_molten_gateway, layout_rooms, serial_shops, shop_fountains,
          nicolae_grassy_gnolls
D:2:      layout_basic, kennysheep_pointless_box
D:3:      layout_basic, ebering_ghost_disaster_area,
          minmay_fractal_squares_diagonal_5, uniq_ijyb

Skill      XL: |  1  2  3  4 |
---------------+-------------+-----
Maces & Flails | 3 4 5 |  5.1
Fighting       | |  3.0
Armour         | |  2.4
Shields        | |  2.4

Action                   |  1- 3 |  4- 6 || total
-------------------------+-------+-------++-------
Melee: Flail             |   116 |    30 ||   146
       Tailslap          |    17 |     2 ||    19
 Abil: Rolling Charge    |    12 |     2 ||    14
Armor: Scale mail        |    98 |    11 ||   109
Dodge: Dodged            |    64 |     9 ||    73
Block: Buckler           |    33 |     3 ||    36
